 Dungeon Crawl Stone Soup version bcrawl-1.23.3-19-gdc5968f444 (webtiles) character file.

Game seed: 9154574634566916901

430 Freyura the Skirmisher (level 6, -5/39 HPs)
             Began as a Gargoyle Fighter on June 9, 2020.
             Slain by Crazy Yiuf
             ... wielding a +2 quarterstaff of chaos
              (8 damage)
             ... on level 3 of the Dungeon.
             The game lasted 00:05:43 (2648 turns).

Freyura the Skirmisher (Gargoyle Fighter)           Turns: 2648, Time: 00:05:44

Health: -5/39      AC: 11    Str: 20    XL:     6   Next: 99%
Magic:  5/6        EV:  7    Int:  8    God:
Gold:   320        SH: 10    Dex: 11    Spells: 5/5 levels left

rFire    . . .     SeeInvis .   a - +0 flail
rCold    . . .     Gourm    .   c - +1 medium shield
rNeg     + . .     Faith    .   b - +0 scale mail
rPois    ∞         Spirit   .   (no helmet)
rElec    +         Reflect  .   j - scarf {stasis}
rCorr    .         Harm     .   (no gloves)
MR       .....                  (no boots)
Stlth    ..........             h - amulet of regeneration
HPRegen  0.28/turn              (no ring)
MPRegen  0.10/turn              (no ring)

@: no status effects
A: negative energy resistance 1, electricity resistance, unbreathing,
petrification resistance, rot immunity, AC +4
a: no special abilities


You were on level 3 of the Dungeon.
You were very hungry.

You visited 1 branch of the dungeon, and saw 3 of its levels.

You collected 320 gold pieces.

Inventory:

Hand Weapons
 a - a +0 flail (weapon)
Armour
 b - a +0 scale mail (worn)
 c - a +1 medium shield (worn)
 j - a scarf of stasis (worn)
Jewellery
 h - an amulet of regeneration (around neck)
Scrolls
 f - 4 scrolls of teleportation
 g - 3 scrolls of identify
 k - a scroll of blinking
Potions
 d - a potion of brilliance
 i - a potion of resistance {unknown}
 l - a potion of might
 m - 3 potions of curing
 n - a potion of degeneration {unknown}
Comestibles
 e - 6 rations {!d}


   Skills:
 + Level 4.7 Fighting
 + Level 3.6 Maces & Flails
 + Level 4.7 Armour
 + Level 2.2 Dodging
 + Level 4.7 Shields


You had 5 spell levels left.
You didn't know any spells.
Your spell library was empty.

Dungeon Overview and Level Annotations

Branches:
Dungeon (3/12)

Altars:

Annotations:
D:3 Crazy Yiuf


Innate Abilities, Weirdness & Mutations

You are resistant to torment.
Your stone body is resilient. (AC +4)
You are immune to poison.
You resist negative energy. (rN+)
You are resistant to electric shocks. (rElec)
You can survive without breathing.
You are immune to petrification.
You are immune to rotting.


Message History

Crazy Yiuf hits you but does no damage.
You closely miss Crazy Yiuf.
Crazy Yiuf is lightly wounded.
You block Crazy Yiuf's attack.
You hit Crazy Yiuf.
Crazy Yiuf is lightly wounded.
Crazy Yiuf hits you with a +2 quarterstaff of chaos.
* * * LOW HITPOINT WARNING * * *
You closely miss Crazy Yiuf.
Crazy Yiuf is lightly wounded.
Crazy Yiuf hits you with a +2 quarterstaff of chaos.
* * * LOW HITPOINT WARNING * * *
Your stasis prevents you from being slowed.
You barely miss Crazy Yiuf.
Crazy Yiuf is lightly wounded.
Crazy Yiuf barely misses you.
You hit Crazy Yiuf but do no damage.
Crazy Yiuf is lightly wounded.
Crazy Yiuf hits you with a +2 quarterstaff of chaos!
You die...

#....#
###..†######
#....#
#...........
#...##
###...######
##.##
##...####
#.##
#.(.....#
##.#
#.......#
#.##
#.......#
##.#
#.......#
#@#
#.......#
#.g.#
#.......#
#...#
#.......#
#..)#
#########
#####


You could see Crazy Yiuf.

Vanquished Creatures
  Sigmund (D:2)
  A necrophage (D:3)
  A scorpion (D:3)
  An orc priest (D:3)
  An orc wizard (D:3)
  An adder (D:2)
  3 oozes
  A dart slug (D:1)
  A leopard gecko (D:2)
  3 orcs
  3 giant cockroaches
  7 goblins
  6 hobgoblins
  A jackal (D:1)
  2 quokkas
  8 bats
  3 frilled lizards
  13 kobolds
  4 rats
61 creatures vanquished.

Notes
Turn   | Place    | Note
-------+----------+-------------------------------------------
     0 | D:1      | Freyura the Gargoyle Fighter began the quest for the Orb.
     0 | D:1      | Reached XP level 1. HP: 14/14 MP: 1/1
   125 | D:1      | Reached XP level 2. HP: 17/19 MP: 2/2
   416 | D:1      | Reached XP level 3. HP: 23/23 MP: 3/3
   726 | D:2      | Noticed Sigmund
   733 | D:2      | Killed Sigmund
   733 | D:2      | Reached skill level 1 in Dodging
   733 | D:2      | Reached XP level 4. HP: 6/29 MP: 4/4
   733 | D:2      | Reached XP level 5. HP: 7/33 MP: 5/5
  1355 | D:2      | Reached XP level 6. HP: 36/39 MP: 6/6
  1695 | D:3      | Noticed a necrophage
  1720 | D:3      | Killed a necrophage
  2478 | D:3      | Found a runed door.
  2629 | D:3      | Noticed Crazy Yiuf
  2648 | D:3      | Slain by Crazy Yiuf

Skill      XL: |  1  2  3  4  5  6 |
---------------+-------------------+-----
Fighting       | 4 |  4.7
Maces & Flails | 3 |  3.6
Armour         | 4 |  4.7
Dodging        | 1 2 |  2.2
Shields        | 4 |  4.7

Action                   |  1- 3 |  4- 6 || total
-------------------------+-------+-------++-------
Melee: Flail             |   126 |   196 ||   322
  Use: Potion            |     2 |     1 ||     3
       Scroll            |       |     7 ||     7
  Eat: Chunk             |       |     5 ||     5
Armor: Scale mail        |    94 |   118 ||   212
Dodge: Dodged            |    34 |    50 ||    84
Block: Medium shield     |    92 |   130 ||   222
